 Dungeon Crawl Stone Soup version 0.22.0 (webtiles) character file.

19589 inmateoo the Severer (level 12, 0/168 HPs)
             Began as a Deep Dwarf Fighter on Aug 11, 2018.
             Was a High Priest of Makhleb.
             Slain by a balrug
             ... wielding a +2 demon whip of venom
              (2 damage)
             ... on level 3 of the Abyss.
             The game lasted 00:15:07 (9105 turns).

inmateoo the Severer (Deep Dwarf Fighter)           Turns: 9105, Time: 00:15:08

Health: 0/168      AC: 12    Str: 24    XL:     12   Next: 37%
Magic:  6/6        EV: 12    Int: 11    God:    Makhleb [*****.]
Gold:   500        SH:  0    Dex: 12    Spells: 11/11 levels left

rFire    . . .     SeeInvis .   d - +2 battleaxe (elec)
rCold    . . .     Gourm    .   (shield currently unavailable)
rNeg     . . .     Faith    .   b - +3 chain mail {rPois}
rPois    +         Spirit   .   (no helmet)
rElec    .         Reflect  .   x - scarf {repulsion}
rCorr    +         Harm     .   D - +0 pair of gloves (curse)
MR       +....     Rnd*Tele +   o - +0 pair of boots
Stlth    ..........             (no amulet)
HPRegen  0.00/turn              k - ring of resist corrosion
MPRegen  0.10/turn              J - +1 ring of evasion

@: berserking, lethally poisoned (0 -> 0), non-regenerating, repel missiles,
very quick
A: damage resistance, heal wounds, [deformed body], [low mp 2], sense
surroundings 2, [screaming 1], [teleportitis 2], [weak 2], no regeneration
a: Heal Wounds, Minor Destruction, Lesser Servant of Makhleb, Major Destruction,
Greater Servant of Makhleb, Renounce Religion


You were on level 3 of the Abyss.
You worshipped Makhleb.
Makhleb was extremely pleased with you.
You were not hungry.

You visited 1 branch of the dungeon, and saw 12 of its levels.
You visited the Abyss 1 time.
You also visited: Ossuary.

You collected 1316 gold pieces.
You spent 816 gold pieces at shops.

Inventory:

Hand Weapons
 a - a +1 war axe of chopping
 d - a +2 battleaxe of electrocution (weapon)
 y - a +2 war axe of flaming
Armour
 b - a +3 chain mail of poison resistance (worn)
 c - a +0 shield
 o - a +0 pair of boots (worn)
 x - a scarf of repulsion (worn)
 D - a cursed +0 pair of gloves (worn)
Jewellery
 k - a ring of resist corrosion (left hand)
 A - the amulet of the Thirsty Yaks {RegenMP +Inv rElec rF- MR+}
   (You found it on level 9 of the Dungeon)

   [amulet of magic regeneration]

   It increases your magic regeneration.
   It makes you vulnerable to fire.
   It insulates you from electricity.
   It affects your resistance to hostile enchantments.
   It lets you turn invisible.
 J - a +1 ring of evasion (right hand)
Wands
 r - a wand of digging (30)
 C - a wand of enslavement (18)
 F - a wand of disintegration (10)
 G - a wand of flame (27)
 K - a wand of polymorph (14)
 L - a wand of acid (9)
 M - a wand of iceblast (7)
 P - a wand of scattershot (2)
Scrolls
 g - a scroll of remove curse
 l - 2 scrolls of amnesia
 s - 9 scrolls of identify
 v - a scroll of teleportation
 w - 8 scrolls of enchant weapon
 I - a scroll of enchant armour
 O - a scroll of magic mapping
Potions
 e - a potion of magic
 h - 13 potions of curing
 i - 2 potions of heal wounds
 j - 2 potions of invisibility
 m - a potion of cancellation
 n - 3 potions of lignification
 p - a potion of flight
 q - 2 potions of resistance
 t - 2 potions of brilliance
 u - 2 potions of agility
 z - 2 potions of haste
 B - a potion of berserk rage
 E - 2 potions of ambrosia
 H - a potion of mutation {unknown}
Comestibles
 f - 14 rations


   Skills:
 + Level 8.6 Fighting
 + Level 16.1 Axes
 - Level 7.0 Armour
 - Level 7.0 Dodging
 - Level 3.2 Shields
 - Level 8.0 Invocations


You had 11 spell levels left.
You didn't know any spells.
Your spell library contained the following spells:

 Spells                   Type           Power        Failure   Level  Hunger
 Lightning Bolt           Conj/Air       #.........   100%        5    ######.
 Shock                    Conj/Air       #...         91%         1    ##.....
 Swiftness                Chrm/Air       #.......     97%         2    ###....
 Airstrike                Air            #.........   100%        4    #####..
 Static Discharge         Conj/Air       #.......     100%        3    ####...


Dungeon Overview and Level Annotations

Branches:
Dungeon (12/15)            Temple (0/1) D:5            Lair (0/6) D:9
    Orc: D:9-12

Altars:
Ashenzari
Elyvilon
Gozag
Kikubaaqudgha
Makhleb
Nemelex Xobeh
Okawaru
Ru
Trog
Uskayaw
Vehumet
Wu Jian
Yredelemnul
The Shining One

Shops:
D:9 !   D:12 *

Annotations:
D:12 Erolcha


Innate Abilities, Weirdness & Mutations

You are resistant to damage.
You can heal yourself by infusing magical energy.
You passively map the area around you.
You do not regenerate.
[Armour fits poorly on your strangely shaped body.]
[Your magical capacity is very low. (-20% MP)]
[You occasionally shout uncontrollably at your foes.]
[You are sometimes teleported next to monsters.]
[You are very weak. (Str -4)]


Message History

The sun demon shouts!
The balrug hits you with a demon whip of venom!
You are engulfed in flames!!
* * * LOW HITPOINT WARNING * * *
A red film seems to cover your vision as you go berserk!
You feel yourself moving faster!
You feel mighty!
You feel sick. The balrug gestures at you.
The fireball explodes!
The fireball engulfs you!
* * * LOW HITPOINT WARNING * * *
The fireball engulfs the balrug.
The balrug completely resists.
You hear a roar!
You barely miss the balrug.
The balrug is heavily wounded.
The balrug completely misses you.
Unknown command.
Unknown command.
You slash the balrug!
The balrug is severely wounded.
The balrug hits you with a demon whip of venom.
You die...

># #. #.# ..3
#.# #.# #.#
.########.#
.......@23#
#######.### .
.#.# . .##..
#.?.# .#
...#.## #
..#.#######..
#. . ..### ..
. #.### . ###
#. ..##.##...
.#. #
###.....#.# .
. ... .#..#
##. ..


You could see a balrug and a sun demon.

Vanquished Creatures
  An orc warlord (D:7)
  4 two-headed ogres
  Sonja (D:10)
  A wretched star (Abyss:2)
  An ugly thing (D:11)
  A worldbinder (Abyss:2)
  2 cyclopes (D:11)
  2 large abominations
  2 gargoyles
  2 smoke demons (Abyss:2)
  A troll (D:10)
  A hippogriff (D:10)
  3 wraiths (D:11)
  3 yaks (D:10)
  A shadow (D:11)
  A wyvern (D:10)
  A steam dragon (D:7)
  3 fire bats (Abyss:2)
  A basilisk (D:12)
  2 hungry ghosts
  14 wargs (D:7)
  Edmund (D:5)
  Duvessa (D:7)
  A soldier ant (D:11)
  3 porcupines (D:9)
  12 orc warriors
  5 ice beasts
  2 sky beasts (D:8)
  6 ogres
  A phantom (D:7)
  4 centaurs
  3 big kobolds
  6 bullfrogs
  Dowan (D:7)
  An earth elemental (D:12)
  6 killer bees (D:11)
  9 wights
  2 howler monkeys (D:8)
  5 crimson imps
  2 centaur zombies
  A quasit (D:11)
  A bullfrog zombie (D:11)
  6 jellies
  6 orc priests
  3 bullfrog skeletons
  5 hounds
  14 orc wizards
  2 centaur skeletons
  4 iguanas
  Jessica (D:3)
  Ijyb (D:3)
  Natasha (twice) (D:3)
  7 worker ants
  A big kobold zombie (Ossuary)
  A hound skeleton (D:9)
  8 mummies (Ossuary)
  8 gnolls
  24 adders
  2 shadow imps
  An adder zombie (D:9)
  2 worms
  5 dart slugs
  5 leopard geckos
  66 orcs
  6 bats
  3 giant cockroaches
  10 goblins
  6 hobgoblins
  8 jackals
  15 kobolds
  4 quokkas
  A ball python (D:4)
  6 frilled lizards
  A gnoll zombie (Ossuary)
  A hobgoblin zombie (Ossuary)
  A jackal skeleton (D:7)
  A kobold zombie (Ossuary)
  A leopard gecko skeleton (D:8)
  4 orc zombies (Ossuary)
  5 rats
  3 fungi (D:9)
  A plant (D:9)
372 creatures vanquished.

Vanquished Creatures (others)
  An orc warrior (D:11)
1 creature vanquished.

Grand Total: 373 creatures vanquished

Notes
Turn   | Place    | Note
-------+----------+-------------------------------------------
     0 | D:1      | inmateoo the Deep Dwarf Fighter began the quest for the Orb.
     0 | D:1      | Reached XP level 1. HP: 20/20 MP: 1/1
    29 | D:1      | Reached skill level 3 in Axes
    34 | D:1      | Reached XP level 2. HP: 25/27 MP: 2/2
   389 | D:1      | Reached XP level 3. HP: 27/33 MP: 3/3
   633 | D:2      | Reached skill level 4 in Axes
   713 | D:2      | Found a faded altar of an unknown god.
  1003 | D:2      | Found a shattered altar of Ashenzari.
  1055 | D:2      | Reached XP level 4. HP: 39/40 MP: 4/4
  1059 | D:2      | Reached skill level 5 in Axes
  1373 | D:2      | Found an ornate altar of the Wu Jian Council.
  1374 | D:2      | Found a burning altar of Makhleb.
  1375 | D:2      | Found a sparkling altar of Nemelex Xobeh.
  1386 | D:2      | Became a worshipper of Makhleb the Destroyer
  1404 | D:2      | Found a white marble altar of Elyvilon.
  1409 | D:2      | Found a hide-covered altar of Uskayaw.
  1439 | D:3      | Noticed Natasha
  1447 | D:3      | Killed Natasha
  1582 | D:3      | Reached XP level 5. HP: 42/46 MP: 5/5
  1635 | D:3      | Reached skill level 6 in Axes
  1708 | D:3      | Noticed Ijyb
  1721 | D:3      | Killed Ijyb
  1738 | D:3      | Found a radiant altar of Vehumet.
  1914 | D:3      | Noticed Jessica
  1924 | D:3      | Killed Jessica
  1924 | D:3      | Reached skill level 7 in Axes
  1924 | D:3      | Reached XP level 6. HP: 49/55 MP: 6/6
  1945 | D:3      | Noticed Natasha
  1949 | D:3      | Killed Natasha
  2219 | D:4      | Reached skill level 8 in Axes
  2461 | D:4      | Reached * piety under Makhleb
  2543 | D:4      | Reached XP level 7. HP: 40/61 MP: 7/7
  2558 | D:4      | Found a glowing golden altar of the Shining One.
  2599 | D:4      | Reached skill level 1 in Invocations
  2702 | D:5      | Entered Level 5 of the Dungeon
  2711 | D:5      | Reached skill level 1 in Dodging
  2952 | D:5      | Noticed Edmund
  2969 | D:5      | Killed Edmund
  2969 | D:5      | Reached skill level 9 in Axes
  3068 | D:5      | Found a staircase to the Ecumenical Temple.
  3084 | D:5      | Found a sand-covered staircase.
  3091 | Ossuary  | Entered an ossuary
  3122 | Ossuary  | Reached XP level 8. HP: 39/68 MP: 10/10
  3218 | Ossuary  | Reached ** piety under Makhleb
  3365 | D:5      | Found a basalt altar of Yredelemnul.
  3855 | D:6      | Reached skill level 5 in Armour
  3923 | D:6      | Reached skill level 10 in Axes
  4095 | D:6      | Reached skill level 5 in Invocations
  4391 | D:6      | Found an opulent altar of Gozag.
  4391 | D:6      | Found an ancient bone altar of Kikubaaqudgha.
  4552 | D:6      | Found an iron altar of Okawaru.
  4552 | D:6      | Found a bloodstained altar of Trog.
  4708 | D:7      | Found a sacrificial altar of Ru.
  4797 | D:7      | Gained mutation: You passively map the area around you. [Deep Dwarf growth]
  4797 | D:7      | Reached XP level 9. HP: 64/74 MP: 9/9
  4825 | D:7      | Reached *** piety under Makhleb
  4827 | D:7      | Reached skill level 11 in Axes
  5044 | D:7      | Noticed Dowan
  5046 | D:7      | Noticed Duvessa
  5058 | D:7      | Killed Duvessa
  5069 | D:7      | Killed Dowan
  5125 | D:7      | Reached skill level 12 in Axes
  5297 | D:7      | Reached XP level 10. HP: 87/87 MP: 10/10
  5327 | D:7      | Reached skill level 5 in Fighting
  5533 | D:7      | Noticed an orc warlord
  5566 | D:7      | Reached skill level 13 in Axes
  5573 | D:7      | Reached **** piety under Makhleb
  5578 | D:7      | HP: 3/88 [orc warlord/battleaxe of electrocution (22)]
  5590 | D:7      | Killed an orc warlord
  6125 | D:8      | Reached skill level 14 in Axes
  6666 | D:9      | Noticed a two-headed ogre
  6671 | D:9      | Killed a two-headed ogre
  6784 | D:9      | Got a fine ivory amulet
  6812 | D:9      | Found a staircase to the Lair.
  6879 | D:9      | Reached XP level 11. HP: 85/97 MP: 9/9
  6924 | D:9      | Reached skill level 15 in Axes
  7026 | D:9      | Got a faintly glowing battleaxe
  7027 | D:9      | Identified the +5 battleaxe of Distant Shores {chop, -Tele Str-2 Int+8 Dex+3} (You found it on level 9 of the Dungeon)
  7142 | D:9      | Found Qybity's Distillery.
  7145 | D:9      | Bought a potion of agility for 68 gold pieces
  7145 | D:9      | Bought a potion of ambrosia for 136 gold pieces
  7145 | D:9      | Bought a potion of haste for 170 gold pieces
  7145 | D:9      | Bought a potion of curing for 51 gold pieces
  7145 | D:9      | Bought a potion of curing for 51 gold pieces
  7145 | D:9      | Bought a potion of agility for 68 gold pieces
  7145 | D:9      | Bought a potion of resistance for 170 gold pieces
  7145 | D:9      | Bought 2 potions of curing for 102 gold pieces
  7347 | D:10     | Entered Level 10 of the Dungeon
  7422 | D:10     | Reached ***** piety under Makhleb
  7445 | D:10     | Identified the amulet of the Thirsty Yaks {RegenMP +Inv rElec rF- MR+} (You found it on level 9 of the Dungeon)
  7470 | D:10     | Noticed a two-headed ogre
  7476 | D:10     | Killed a two-headed ogre
  7802 | D:10     | Reached skill level 5 in Dodging
  7840 | D:10     | Noticed Sonja
  7840 | D:10     | Noticed a two-headed ogre
  7849 | D:10     | Killed a two-headed ogre
  7850 | D:10     | Killed Sonja
  7933 | D:11     | Noticed a two-headed ogre
  7960 | D:11     | Killed a two-headed ogre
  8173 | D:11     | Noticed a red ugly thing
  8184 | D:11     | Killed a red ugly thing
  8226 | D:11     | Reached XP level 12. HP: 87/109 MP: 12/12
  8617 | D:12     | Found Oviaxto's Antique Weapon Shop.
  8628 | D:12     | Found Dossoq's Pet Rocks.
  8856 | D:12     | Noticed Erolcha
  8865 | D:12     | Cast into level 2 of the Abyss (Erolcha)
  8934 | Abyss:2  | Noticed an ironheart preserver
  8959 | Abyss:2  | Reached skill level 16 in Axes
  9016 | Abyss:2  | Noticed a cyan very ugly thing
  9029 | Abyss:2  | HP: 4/112 [cyan very ugly thing (19)]
  9094 | Abyss:3  | Noticed a balrug
  9103 | Abyss:3  | HP: 2/168 [balrug/fireball (39)]
  9105 | Abyss:3  | Slain by a balrug

Skill      XL: |  1  2  3  4  5  6  7  8  9 10 11 12 |
---------------+-------------------------------------+-----
Axes           | 3 4 5 7 8 9 10 12 14 15 16 | 16.1
Invocations    | 3 5 7 8 |  8.0
Dodging        | 2 4 6 7 |  7.0
Armour         | 4 5 7 |  7.0
Fighting       | 4 6 7 8 |  8.6
Shields        | |  3.2

Action                   |  1- 3 |  4- 6 |  7- 9 | 10-12 || total
-------------------------+-------+-------+-------+-------++-------
Melee: War axe           |    99 |   178 |   506 |    56 ||   839
       Battleaxe         |       |       |       |   472 ||   472
       Hand axe          |       |       |       |    13 ||    13
 Abil: Heal Wounds       |     1 |     1 |    17 |    13 ||    32
Evoke: Wand              |       |       |       |     4 ||     4
  Use: Scroll            |       |     9 |     7 |    13 ||    29
       Potion            |       |       |     7 |     3 ||    10
 Stab: Invisible         |       |       |       |     7 ||     7
  Eat: Chunk             |       |     6 |     6 |     8 ||    20
       Ration            |       |       |     1 |     3 ||     4
Armor: Scale mail        |    39 |    71 |       |       ||   110
       Plate armour      |       |    60 |    20 |       ||    80
       Chain mail        |       |       |   304 |   248 ||   552
       Skin              |       |       |    57 |       ||    57
Dodge: Dodged            |    38 |    38 |   103 |   242 ||   421
       Deflected         |       |       |       |     3 ||     3
Block: Shield            |    55 |   100 |   241 |    29 ||   425
